 Dungeon Crawl Stone Soup version 0.26-a0-21-gf97e55dc39 (webtiles) character file.

Game seed: 12021786476267260121, levelgen mode: deterministic

90 Esekla the Grasshopper (level 4, 0/29 HPs)
             Began as an Octopode Warper on May 26, 2020.
             Succumbed to an adder's poison
             ... on level 2 of the Dungeon.
             The game lasted 00:06:33 (1862 turns).

Esekla the Grasshopper (Octopode Warper)            Turns: 1862, Time: 00:06:34

Health: 0/29       AC:  1    Str: 10    XL:     4   Next: 56%
Magic:  7/7        EV: 14    Int: 15    God:
Gold:   111        SH:  0    Dex: 12    Spells: 3/7 levels left

rFire    . . .     SeeInvis .   i - +0 dagger (venom)
rCold    . . .     Gourm    .   (no shield)
rNeg     . . .     Faith    .   (helmet restricted)
rPois    .         Spirit   .   j - amulet of inaccuracy (curse)
rElec    .         Reflect  .   (no ring)
rCorr    .         Harm     .   (no ring)
MR       .....                  (no ring)
Stlth    +++.......             (no ring)
HPRegen  0.09/turn              (no ring)
MPRegen  0.10/turn              (no ring)
                                (no ring)
                                (no ring)

@: lethally poisoned (0 -> -2), lightly drained
A: almost no armour, stealthy swim, amphibious, 8 rings, constrict 8, camouflage
1, gelatinous body 1
a: no special abilities


You were on level 2 of the Dungeon.
You were not hungry.

You visited 1 branch of the dungeon, and saw 2 of its levels.

You collected 111 gold pieces.

Inventory:

Hand Weapons
 a - a +0 falchion
 i - a +0 dagger of venom (weapon)
Missiles
 d - 5 boomerangs of dispersal (quivered)
Jewellery
 j - a cursed amulet of inaccuracy (around mantle)
Scrolls
 c - a scroll of blinking
 g - a scroll of immolation
Potions
 e - 2 potions of curing
 h - a potion of flight
 k - a potion of invisibility
Comestibles
 f - 6 rations


   Skills:
 + Level 2.1 Fighting
 + Level 0.2(1.5) Short Blades
 * Level 2.5 Long Blades
 - Level 1.0(0.9) Throwing
 * Level 3.1(3.0) Dodging
 + Level 2.3 Stealth
 + Level 2.2 Spellcasting
 * Level 1.2(1.1) Charms
 * Level 3.2 Translocations


You had 3 spell levels left.
You knew the following spells:

 Your Spells              Type           Power        Failure   Level  Hunger
a - Shroud of Golubria    Chrm/Tloc      #.....       13%         2    ###....
b - Blink                 Tloc           N/A          9%          2    ###....

Your spell library contained the following spells:

 Spells                   Type           Power        Failure   Level  Hunger
 Gell's Gravitas          Tloc           ##........   17%         3    ###....
 Lesser Beckoning         Tloc           ##........   17%         3    ###....
 Teleport Other           Tloc           ##......     17%         3    ###....
 Passage of Golubria      Tloc           N/A          50%         4    #####..


Dungeon Overview and Level Annotations

Branches:
Dungeon (2/15)

Altars:
Cheibriados
Qazlal


Innate Abilities, Weirdness & Mutations

You cannot wear most types of armour.
You are very stealthy in the water. (Stealth+)
You are amphibious.
You can wear up to eight rings at the same time.
You can use your tentacles to constrict eight enemies at once.
Your skin changes colour to match your surroundings (Stealth+).
Your rubbery body absorbs attacks. (AC +1, EV +1)


Message History

You kill the adder!
You feel sick.
You see here an adder corpse.
You feel sick.
You see here a ring mail.
You feel sick. The worm bites you.
You hit the worm but do no damage.
The worm is poisoned.
Your grab misses the worm. You squeeze the worm, but do no damage.
The worm closely misses you.
You hit the worm.
The worm looks as sick as possible!
You grab the worm. You squeeze the worm.
The worm is moderately wounded.
You constrict the worm. You hit the worm but do no damage.
The worm looks as sick as possible!
The worm is heavily wounded.
You constrict the worm. The worm bites you!
* * * LOW HITPOINT WARNING * * *
You release your grip on the worm.
You die...

..# ####.# #..#.# #..#.#
#..#.#### ...#.#..
#.##.#w# #.##.#.#
###########.##.#@#
.........(†.....[#
###########.##...####
#.##......#
###########.##.#..(.####
.........)...†........>#
###########.##.#....##.#
#.##.#....##.#
#.##.#.#.###.#


You could see a worm (extremely poisoned).

Vanquished Creatures
  Terence (D:2)
  4 adders (D:2)
  A dart slug (D:1)
  A leopard gecko (D:1)
  A giant cockroach (D:1)
  3 goblins
  5 hobgoblins
  2 jackals (D:1)
  A ball python (D:2)
  4 bats (D:2)
  2 frilled lizards
  3 kobolds (D:1)
  4 rats
32 creatures vanquished.

Notes
Turn   | Place    | Note
-------+----------+-------------------------------------------
     0 | D:1      | Esekla the Octopode Warper began the quest for the Orb.
     0 | D:1      | Reached XP level 1. HP: 14/14 MP: 3/3
   131 | D:1      | Reached skill level 1 in Stealth
   201 | D:1      | Reached XP level 2. HP: 8/19 MP: 5/5
  1027 | D:1      | Learned a level 2 spell: Shroud of Golubria
  1030 | D:1      | Learned a level 2 spell: Blink
  1059 | D:2      | Reached XP level 3. HP: 12/24 MP: 3/6
  1330 | D:2      | Found a stormy altar of Qazlal.
  1331 | D:2      | Noticed a water elemental
  1333 | D:2      | Noticed a fire elemental
  1333 | D:2      | Noticed an earth elemental
  1333 | D:2      | Noticed an air elemental
  1361 | D:2      | Found a snail-covered altar of Cheibriados.
  1395 | D:2      | Noticed Terence
  1403 | D:2      | Reached skill level 1 in Charms
  1424 | D:2      | Killed Terence
  1424 | D:2      | Reached XP level 4. HP: 6/29 MP: 4/7
  1861 | D:2      | HP: 1/29 [worm (12)]
  1862 | D:2      | Succumbed to an adder's poison

Illustrated notes

Levels and vault maps discovered:
D:1:      lightli_arrival_maybe_door_vault, layout_loops_ring, nrook_uturn,
          minmay_curled_crystal
D:2:      layout_basic, nicolae_qazlal_style_of_elements, lemuel_doored_altar,
          uniq_terence

Skill      XL: |  1  2  3 |
---------------+----------+-----
Stealth        | 1 2 |  2.3
Charms         | 1 |  1.2
Dodging        | 3 |  3.1
Fighting       | |  2.1
Short Blades   | |  0.2
Long Blades    | |  2.5
Throwing       | |  1.0
Spellcasting   | |  2.2
Translocations | |  3.2

Action                   |  1- 3 |  4- 6 || total
-------------------------+-------+-------++-------
Melee: Falchion          |    24 |       ||    24
       Constrict         |    17 |     2 ||    19
       Tentacles         |    12 |     2 ||    14
       Dagger            |    26 |    22 ||    48
 Cast: Shroud of Golubri |     2 |       ||     2
       Blink             |     1 |       ||     1
  Use: Scroll            |     4 |       ||     4
 Stab: Sleeping          |     8 |     1 ||     9
  Eat: Chunk             |     1 |     2 ||     3
Armor: Skin              |       |     5 ||     5
Dodge: Dodged            |    25 |    22 ||    47
       Rpst.: Falchion   |     5 |       ||     5

Table legend:
 A = Non-vault XP
 B = Vault XP
 C = Vault XP percentage of total XP
 D = Non-vault monster count
 E = Vault monster count
 F = Vault count percentage of total count
                 A         B        C        D         E       F
            +---------+---------+-------+---------+---------+-------
      Total |      97 |      32 |  24.8 |      31 |       1 |   3.1
            +---------+---------+-------+---------+---------+-------
        D:1 |      28 |       0 |   0.0 |      15 |       0 |   0.0
        D:2 |      69 |      32 |  31.7 |      16 |       1 |   5.9
            +---------+---------+-------+---------+---------+-------
